 Dungeon Crawl Stone Soup version 0.21.1-1-g345015f (webtiles) character file.

22499 Goblin1989 the Martial Artist (level 12, 0/92 HPs)
             Began as a Demonspawn Transmuter on Mar 16, 2018.
             Was an Elder of Wu Jian.
             Slain by a six-headed hydra (9 damage)
             ... on level 3 of the Lair of Beasts.
             The game lasted 00:52:06 (18538 turns).

Goblin1989 the Martial Artist (DsTm)               Turns: 18538, Time: 00:52:07

Health: 0/92       AC:  3    Str: 13    XL:     12   Next: 63%
Magic:  0/30       EV: 22    Int: 18    God:    Wu Jian [****..]
Gold:   930        SH:  5    Dex: 13    Spells: 2/23 levels left

rFire    . . .     SeeInvis .     - Unarmed
rCold    . . .     Gourm    +   M - +0 buckler
rNeg     . . .     Faith    .   b - +0 robe
rPois    .         Spirit   +   D - +0 hat {MR+}
rElec    .         Reflect  .   Y - scarf {repulsion}
rCorr    .         Harm     .   V - +0 pair of gloves
MR       +....                  (no boots)
Stlth    +.........             i - amulet of the gourmand
HPRegen  0.00/turn              v - +3 ring of evasion
MPRegen  0.44/turn              B - ring of magical power

@: contaminated, glowing, repel missiles
A: antennae 2, repulsion field 2, inhibited regeneration, spiny 1, magic shield,
magic regeneration
a: Wall Jump, Serpent's Lash, Renounce Religion


You were on level 3 of the Lair of Beasts.
You worshipped Wu Jian.
Wu Jian was greatly pleased with you.
You were very full.

You visited 3 branches of the dungeon, and saw 15 of its levels.

You collected 930 gold pieces.

Inventory:

Hand Weapons
 U - the +2 hand axe of Innocence {elec, rElec rC- Str+4 Int+2}
   (You found it on level 7 of the Dungeon)

   Occasionally, upon striking a foe, it will discharge some electrical energy
   and cause terrible harm.
   It affects your strength (+4).
   It affects your intelligence (+2).
   It makes you vulnerable to cold.
   It insulates you from electricity.
Missiles
 a - 439 arrows
 m - 5 curare-tipped needles
 Z - 2 throwing nets (quivered) {!d , @Q1}
Armour
 b - a +0 robe (worn)
 s - a scarf of cloud immunity
 C - the +4 ring mail "Jeisarya" {rPois rC+ Str-4}
   (You found it on level 9 of the Dungeon)

   It affects your strength (-4).
   It protects you from cold.
   It protects you from poison.
 D - a +0 hat of magic resistance (worn)
 M - a +0 buckler (worn)
 V - a +0 pair of gloves (worn)
 Y - a scarf of repulsion (worn)
Jewellery
 c - an uncursed ring of protection from cold
 i - an amulet of the gourmand (around neck)
 j - an uncursed ring of positive energy
 l - an uncursed ring of flight
 v - a +3 ring of evasion (left hand)
 B - a ring of magical power (right hand)
Wands
 A - a wand of acid (11)
 E - a wand of enslavement (11)
 F - a wand of scattershot (6)
 I - a wand of iceblast (5)
 P - a wand of random effects (47)
Scrolls
 h - 6 scrolls of remove curse {@r2}
 t - 3 scrolls of enchant weapon {unknown}
 u - a scroll of silence {unknown}
 x - 2 scrolls of random uselessness {unknown}
 y - 2 scrolls of summoning {unknown}
 G - a scroll of fear {unknown}
 H - 3 scrolls of magic mapping {unknown}
 J - a scroll of vulnerability {unknown}
 O - a scroll of fog
 T - 3 scrolls of teleportation {!r, @r3}
 W - 2 scrolls of enchant armour {unknown}
Potions
 f - a potion of might
 g - a potion of ambrosia
 n - 3 potions of heal wounds {@q2, !q}
 p - 5 potions of curing {@q1}
 q - 2 potions of cancellation {unknown}
 r - 2 potions of lignification
 w - 2 potions of brilliance
 z - 2 potions of resistance
 K - 3 potions of magic
 L - 3 potions of mutation {!q}
 N - 2 potions of haste {@q3, !q}
 Q - 3 potions of agility {unknown}
 R - a potion of berserk rage {unknown}
 X - 7 potions of flight
Comestibles
 e - 34 rations


   Skills:
 + Level 8.0 Fighting
 + Level 7.5 Dodging
 - Level 4.0 Shields
 * Level 11.2 Unarmed Combat
 + Level 6.3 Spellcasting
 + Level 3.2 Charms
 + Level 4.1 Necromancy
 * Level 9.5 Transmutations


You had 2 spell levels left.
You knew the following spells:

 Your Spells              Type           Power        Failure   Level  Hunger
a - Beastly Appendage     Tmut           #####.       1%          1    None
b - Sticks to Snakes      Tmut           #####...     1%          2    None
c - Spider Form           Tmut/Pois      ###.......   4%          3    ##.....
d - Blade Hands           Tmut           #####.....   6%          5    #####..
e - Hydra Form            Tmut           #####.....   34%         6    #######
f - Animate Skeleton      Necr           N/A          2%          1    None
R - Regeneration          Chrm/Necr      ###.......   8%          3    ##.....


Dungeon Overview and Level Annotations

Branches:
Dungeon (11/15)            Temple (1/1) D:5            Lair (3/6) D:8
  Swamp (0/4) Lair:2       Spider (0/4) Lair:3
    Orc: D:9-12

Altars:
Ashenzari
Cheibriados
Dithmenos
Elyvilon
Fedhas
Gozag
Hepliaklqana
Makhleb
Nemelex Xobeh
Okawaru
Qazlal
Ru
Sif Muna
Trog
Uskayaw
Vehumet
Wu Jian
Xom
Yredelemnul
Zin
The Shining One

Shops:
D:10 (

Annotations:
D:5 buskinjo's ghost, amateur CeWr
Lair:1 Fannar


Innate Abilities, Weirdness & Mutations

You have a pair of antennae on your head.
You are surrounded by a moderate repulsion field. (EV +3)
You are partially covered in sharp spines.
When hurt, damage is shared between your health and your magic reserves.
You regenerate magic rapidly.
You do not regenerate when monsters are visible.


Message History

A six-headed hydra comes into view.
The six-headed hydra roars!
Casting: Blade Hands
Confirm with . or Enter, or press ? or * to list all spells.
The spell is very dangerous to cast!
Continue anyway?
You miscast Hydra Form.
You are very lightly contaminated with residual magic.
You are contaminated with residual magic.
You now have 24/30 mp.
Unknown command.
Casting: Hydra Form
Confirm with . or Enter, or press ? or * to list all spells.
The spell is very dangerous to cast!
Continue anyway?
You turn into a four-headed hydra.
Your scarf of repulsion melds into your body.
Your +0 hat of magic resistance melds into your body.
Your +0 pair of gloves melds into your body.
Your +0 buckler melds into your body.
Your +0 robe melds into your body.
The haze of the repulsion field disappears.
You feel less resistant to hostile enchantments.
Health restored: 119 You now have 19/30 mp.
The six-headed hydra bites you. x3
The six-headed hydra completely misses you.
The six-headed hydra barely misses you. The six-headed hydra misses you.
A spiny frog comes into view.
You take 11 damage, and have 108/119 hp.
You now have 18/30 mp.
Unknown command.
You spin and attack the six-headed hydra.
You bite the six-headed hydra!
The six-headed hydra is lightly wounded.
The six-headed hydra bites you.
The six-headed hydra closely misses you.
The six-headed hydra bites you but does no damage.
The six-headed hydra bites you!
The six-headed hydra completely misses you.
The six-headed hydra bites you!
You take 27 damage, and have 81/119 hp.
MASSIVE DAMAGE!!
You now have 14/30 mp.
You spin and attack the six-headed hydra.
You barely miss the six-headed hydra.
The six-headed hydra is lightly wounded.
Your transformation is almost over.
The six-headed hydra bites you!
The six-headed hydra closely misses you.
The six-headed hydra bites you! The six-headed hydra barely misses you.
The six-headed hydra closely misses you.
The six-headed hydra bites you!
Your body shudders with the violent release of wild energies!
The magical storm engulfs you!
* * * LOW HITPOINT WARNING * * *
The magical storm engulfs the six-headed hydra.
The six-headed hydra is splashed with acid.
The acid corrodes the six-headed hydra!
The magical storm engulfs the fungus.
Your regeneration stops near monsters.
You take 32 damage, and have 49/119 hp.
MASSIVE DAMAGE!!
You now have 7/30 mp.
You hear a loud, deep croak!
You hear a trumpeting!
You have no room to wall jump there.
Your transformation has ended.
Your scarf of repulsion unmelds from your body.
Your +0 hat of magic resistance unmelds from your body.
Your +0 pair of gloves unmelds from your body.
Your +0 buckler unmelds from your body.
Your +0 robe unmelds from your body.
You are surrounded by a repulsion field.
You feel resistant to hostile enchantments.
You take 12 damage, and have 37/92 hp.
The six-headed hydra is no longer covered in acid.
All of the chunks of flesh in your inventory have rotted away.
There is a stone staircase leading up, spattered with blood here.
You spin and attack the six-headed hydra.
You punch the six-headed hydra!
The six-headed hydra is moderately wounded.
The six-headed hydra closely misses you.
The six-headed hydra bites you!
* * * LOW HITPOINT WARNING * * *
The six-headed hydra bites you!
* * * LOW HITPOINT WARNING * * *
The six-headed hydra bites you!
* * * LOW HITPOINT WARNING * * *
The six-headed hydra bites you.
* * * LOW HITPOINT WARNING * * *
The six-headed hydra bites you!
* * * LOW HITPOINT WARNING * * *
You take 29 damage, and have 9/92 hp.
MASSIVE DAMAGE!!
You now have 4/30 mp.
You repeatedly attack the six-headed hydra from above.
You punch the six-headed hydra!
The six-headed hydra is moderately wounded.
You punch the six-headed hydra!
The six-headed hydra is heavily wounded.
You repeatedly attack the spiny frog from above.
You hit the spiny frog.
The spiny frog is lightly wounded.
You hit the spiny frog.
The spiny frog is lightly wounded.
You hit the spiny frog.
The spiny frog is moderately wounded.
You block the spiny frog's attack.
The six-headed hydra closely misses you.
The six-headed hydra bites you!
You die... ♣..█ ██..█ ♣..█ █.██ ♣..█ █..█ ♣..█ ███.P█ ♣..████...██ ♣..██......█ ♣....<...███ ♣§F.█...███ ♣@§██..█..█ ♣§D██.....██ █████

♣♣......█...███≈██.
♣♣...██..≈≈≈.≈≈≈....
♣.......≈.≈≈.≈≈.≈... ..
♣♣....█..≈≈.≈.≈.≈≈... ....
♣♣.......<≈≈≈...≈≈≈██.
....♣♣♣♣♣♣.............>....█.█
...................≈≈≈...≈≈≈.██


You could see a six-headed hydra and a spiny frog.

Vanquished Creatures
  Gastronok (Lair:1)
  Snorg (Lair:3)
  A hydra (Lair:2)
  A tengu warrior (D:11)
  The ghost of letownia2 the Martial Artist, a novice MfTm of Cheibriados (D:8)
  An ugly thing (D:11)
  7 elephants
  A black mamba (Lair:1)
  A centaur zombie (D:10)
  A gargoyle (D:11)
  A spiny frog (Lair:3)
  2 jumping spiders (Lair:2)
  7 hippogriffs
  19 yaks
  A redback (Lair:2)
  5 wyverns
  Grum (Lair:1)
  2 basilisks
  3 vampire mosquitoes (Lair:2)
  A hungry ghost (D:9)
  5 water moccasins
  A soldier ant (D:11)
  10 porcupines
  2 black bears
  2 ice beasts
  4 orc warriors
  An eye of draining (D:8)
  5 phantoms
  3 ogres
  A necrophage (D:6)
  11 centaurs
  12 wolves
  7 crocodiles
  A big kobold (D:7)
  5 bullfrogs
  2 gnoll sergeants (D:11)
  A wyvern zombie (D:11)
  2 scorpions
  3 killer bees (D:11)
  3 wights (D:6)
  6 howler monkeys
  A crimson imp (D:7)
  A bullfrog zombie (D:9)
  5 hounds
  3 jellies
  3 centaur skeletons
  5 bullfrog skeletons
  2 orc priests
  10 orc wizards
  Ijyb (D:3)
  2 iguanas
  5 hell rats (Lair:2)
  6 worker ants
  A killer bee zombie (D:7)
  A worker ant zombie (D:11)
  12 gnolls
  7 adders
  2 oozes (D:1)
  An adder skeleton (D:9)
  6 worms
  2 dart slugs (D:2)
  3 leopard geckos
  25 orcs
  4 bats
  7 giant cockroaches
  4 goblins
  5 hobgoblins
  15 jackals
  5 quokkas
  2 ball pythons
  3 frilled lizards
  A jackal skeleton (D:6)
  6 kobolds
  8 rats
309 creatures vanquished.

Vanquished Creatures (others)
  36 fungi (Lair:3)
  13 plants (Lair:3)
49 creatures vanquished.

Grand Total: 358 creatures vanquished

Notes
Turn   | Place    | Note
-------+----------+-------------------------------------------
     0 | D:1      | Goblin1989 the Demonspawn Transmuter began the quest for the Orb.
     0 | D:1      | Reached XP level 1. HP: 15/15 MP: 3/3
   177 | D:1      | Reached skill level 3 in Unarmed Combat
   463 | D:1      | Gained mutation: When hurt, damage is shared between your health and your magic reserves. [demonic ancestry]
   463 | D:1      | Reached XP level 2. HP: 21/21 MP: 5/5
   469 | D:1      | Learned a level 2 spell: Sticks to Snakes
  1213 | D:2      | Reached XP level 3. HP: 9/26 MP: 3/6
  1501 | D:2      | Reached skill level 4 in Unarmed Combat
  2429 | D:3      | Gained mutation: You are partially covered in sharp spines. [demonic ancestry]
  2429 | D:3      | Reached XP level 4. HP: 29/32 MP: 7/7
  2630 | D:3      | Noticed Ijyb
  2646 | D:3      | Killed Ijyb
  3519 | D:4      | Gained mutation: You have a pair of small antennae on your head. [demonic ancestry]
  3519 | D:4      | Reached XP level 5. HP: 28/37 MP: 5/8
  3889 | D:4      | Noticed a phantom
  3911 | D:4      | Killed a phantom
  3911 | D:4      | Reached skill level 1 in Shields
  3911 | D:4      | Reached skill level 5 in Unarmed Combat
  3911 | D:4      | Gained mutation: You are surrounded by a mild repulsion field. (EV +2) [demonic ancestry]
  3911 | D:4      | Reached XP level 6. HP: 34/44 MP: 5/9
  4193 | D:4      | Found a sparkling altar of Nemelex Xobeh.
  4195 | D:4      | Found a hide-covered altar of Uskayaw.
  4195 | D:4      | Found a shimmering altar of Xom.
  4197 | D:4      | Found a basalt altar of Yredelemnul.
  4197 | D:4      | Found a shadowy altar of Dithmenos.
  4197 | D:4      | Found a deep blue altar of Sif Muna.
  4810 | D:5      | Entered Level 5 of the Dungeon
  5343 | D:5      | Found a staircase to the Ecumenical Temple.
  5353 | Temple   | Entered the Ecumenical Temple
  5360 | Temple   | Became a worshipper of the Wu Jian Council
  5428 | D:5      | Learned a level 3 spell: Spider Form
  5671 | D:5      | Reached XP level 7. HP: 34/51 MP: 7/10
  5777 | D:5      | Noticed buskinjo's ghost (amateur CeWr)
  6106 | D:6      | Reached skill level 6 in Unarmed Combat
  6285 | D:6      | Gained mutation: You have a pair of antennae on your head. [demonic ancestry]
  6285 | D:6      | Reached XP level 8. HP: 58/58 MP: 6/11
  6840 | D:6      | Noticed a hippogriff
  6857 | D:6      | Killed a hippogriff
  6997 | D:6      | Learned a level 5 spell: Blade Hands
  7628 | D:6      | Reached skill level 7 in Unarmed Combat
  7792 | D:7      | Got a crystal hand axe
  7793 | D:7      | Identified the +2 hand axe of Innocence {elec, rElec rC- Str+4 Int+2} (You found it on level 7 of the Dungeon)
  8031 | D:7      | Reached * piety under Wu Jian
  8077 | D:7      | Found a bloodstained altar of Trog.
  8080 | D:7      | Found a shadowy altar of Dithmenos.
  8304 | D:7      | Noticed a death knight
  8382 | D:8      | Reached XP level 9. HP: 40/66 MP: 7/12
  8567 | D:8      | Noticed an elephant
  8614 | D:8      | Killed an elephant
  8659 | D:8      | Reached skill level 8 in Unarmed Combat
  8659 | D:8      | Reached skill level 5 in Transmutations
  8969 | D:8      | Found a staircase to the Lair.
  9159 | D:8      | Reached skill level 5 in Fighting
  9159 | D:8      | Reached skill level 5 in Dodging
  9532 | D:8      | Noticed letownia2's ghost (novice MfTm)
  9549 | D:8      | Killed letownia2's ghost
  9549 | D:8      | Gained mutation: You regenerate magic rapidly. [demonic ancestry]
  9549 | D:8      | Reached XP level 10. HP: 47/74 MP: 5/15
  9967 | D:9      | Got a fine ring mail
  9978 | D:9      | Identified the +4 ring mail "Jeisarya" {rPois rC+ Str-4} (You found it on level 9 of the Dungeon)
 10758 | D:10     | Entered Level 10 of the Dungeon
 10952 | D:10     | Reached ** piety under Wu Jian
 11392 | D:10     | Reached skill level 9 in Unarmed Combat
 12076 | D:10     | Found Xilues's Weapon Emporium.
 12473 | D:10     | Learned a level 6 spell: Hydra Form
 12513 | D:11     | Noticed a gargoyle
 12543 | D:11     | Killed a gargoyle
 13070 | D:11     | Reached XP level 11. HP: 77/83 MP: 15/18
 13276 | D:11     | Reached *** piety under Wu Jian
 13563 | D:11     | Noticed a green ugly thing
 13571 | D:11     | Killed a green ugly thing
 13583 | D:11     | Reached skill level 10 in Unarmed Combat
 13890 | D:11     | Reached skill level 5 in Spellcasting
 14035 | D:11     | Learned a level 3 spell: Regeneration
 14391 | D:11     | Reached **** piety under Wu Jian
 14568 | D:11     | Noticed a tengu warrior
 14578 | D:11     | Killed a tengu warrior
 14578 | D:11     | Reached skill level 1 in Necromancy
 14835 | Lair:1   | Entered Level 1 of the Lair of Beasts
 14912 | Lair:1   | Noticed Gastronok
 14914 | Lair:1   | Reached skill level 1 in Charms
 14925 | Lair:1   | Killed Gastronok
 15130 | Lair:1   | Noticed Grum
 15134 | Lair:1   | Killed Grum
 15658 | Lair:1   | Learned a level 1 spell: Animate Skeleton
 15973 | Lair:1   | Gained mutation: You are surrounded by a moderate repulsion field. (EV +3) [demonic ancestry]
 15973 | Lair:1   | Reached XP level 12. HP: 64/91 MP: 20/20
 16222 | Lair:1   | Noticed Fannar
 16438 | Lair:2   | Noticed a four-headed hydra
 16451 | Lair:2   | Killed a four-headed hydra
 16702 | Lair:2   | Found a staircase to the Swamp.
 17374 | Lair:3   | Found a hole to the Spider Nest.
 17374 | Lair:3   | Noticed Snorg
 17778 | Lair:3   | Killed Snorg
 17778 | Lair:3   | Reached skill level 11 in Unarmed Combat
 18513 | Lair:3   | Noticed a six-headed hydra
 18520 | Lair:3   | Gained mutation: You do not regenerate when monsters are visible. [mutagenic glow]
 18538 | Lair:3   | Slain by a six-headed hydra

Skill      XL: |  1  2  3  4  5  6  7  8  9 10 11 12 |
---------------+-------------------------------------+-----
Unarmed Combat | 3 4 5 6 7 8 9 10 11 | 11.2
Dodging        | 2 3 4 5 6 7 |  7.5
Transmutations | 2 3 4 5 7 8 9 |  9.5
Fighting       | 2 3 4 5 6 7 8 |  8.0
Shields        | 1 2 3 4 |  4.0
Spellcasting   | 3 4 5 6 |  6.3
Necromancy     | 2 4 |  4.1
Charms         | 2 3 |  3.2

Action                   |  1- 3 |  4- 6 |  7- 9 | 10-12 || total
-------------------------+-------+-------+-------+-------++-------
Melee: Unarmed           |   135 |   206 |   263 |   671 ||  1275
       Kick              |     3 |     3 |     2 |       ||     8
       Headbutt          |     1 |     2 |       |       ||     3
       Punch             |     1 |     1 |       |     6 ||     8
 Cast: Beastly Appendage |     7 |     5 |     1 |     1 ||    14
       Sticks to Snakes  |     1 |     2 |     1 |       ||     4
       Spider Form       |       |       |    11 |    10 ||    21
       Blade Hands       |       |       |     1 |    26 ||    27
       Hydra Form        |       |       |       |     2 ||     2
Invok: Lunge             |       |     1 |    19 |    39 ||    59
       Whirlwind         |       |       |     5 |   147 ||   152
       Wall Jump         |       |       |       |    16 ||    16
Evoke: Wand              |       |       |       |     3 ||     3
  Use: Scroll            |       |       |    11 |     5 ||    16
       Potion            |       |       |     3 |     2 ||     5
 Stab: Sleeping          |     3 |     1 |     1 |       ||     5
       Distracted        |       |     1 |     1 |       ||     2
       Invisible         |       |       |       |     2 ||     2
  Eat: Chunk             |     5 |    10 |    20 |    43 ||    78
       Ration            |       |       |     3 |       ||     3
Armor: Robe              |    13 |    15 |    11 |    12 ||    51
       Skin              |       |       |     4 |     7 ||    11
       Ring mail         |       |       |       |     2 ||     2
Dodge: Dodged            |    81 |   107 |   194 |   493 ||   875
       Deflected         |       |       |     9 |     4 ||    13
Block: Buckler           |       |    17 |    34 |    53 ||   104

Vault maps used:
D:1:      dpeg_arrival_houses_and_road
D:3:      uniq_ijyb
D:4:      doesnt_xom_only_xom
D:5:      minmay_temple_entry_hall, first_ration, minivault_5
D:7:      grunt_temple_overflow_cloverleaf
D:8:      david_lair_generic
D:10:     serial_shops, shop
D:11:     grunt_tengu_nest
Temple:   nicolae_temple_no_exploring_needed
Lair:1:   infiniplex_staircase_pool_2, lemuel_fruit_fields, uniq_gastronok,
          uniq_grum, uniq_fannar
Lair:2:   minmay_swamp_entry_swarm, st_stairs_3, grunt_megastairs_4
Lair:3:   mu_elephants_graveyard, spider_nest_entry_a,
          minmay_lair_oklob_chamber, uniq_snorg
